 Dungeon Crawl Stone Soup version 0.30-b1-2-g02819fbbbe (webtiles) character file.

Game seed: 2549730104200846117

3206 LLlMATKO the Cleaver (level 9, -7/83 HPs)
             Began as a Minotaur Berserker on Oct 1, 2023.
             Was a Priest of Trog.
             Killed by divine providence
             ... invoked by an orc priest
              (9 damage)
             ... on level 7 of the Dungeon.
             The game lasted 00:04:31 (4831 turns).

LLlMATKO the Cleaver (Minotaur Berserker)           Turns: 4831, Time: 00:04:32

Health: -7/83      AC: 13    Str: 26    XL:     9   Next: 65%
Magic:  8/8        EV: 13    Int:  4    God:    Trog [***...]
Gold:   420        SH:  0    Dex: 16    Spells: 8/8 levels left

rFire   . . .        p - +0 war axe
rCold   . . .        (no shield)
rNeg    . . .        o - +0 chain mail
rPois   .            (helmet restricted)
rElec   .            w - +0 cloak {Stlth+}
rCorr   +            (no gloves)
SInv    .            v - +0 pair of boots
Will    .....        (no amulet) Stlth
                     t - +6 ring of dexterity
HPRegen 0.33/turn    x - ring of resist corrosion
MPRegen 0.11/turn

%: no passive effects
@: on berserk cooldown, slowed, very slow
A: horns 2, retaliatory headbutt
a: Renounce Religion, Berserk, Trog's Hand


You were on level 7 of the Dungeon.
You worshipped Trog.
Trog was most pleased with you.
You visited 1 branch of the dungeon, and saw 7 of its levels.

You collected 420 gold pieces.

Inventory:

Hand Weapons
 a - a +0 hand axe
 p - a +0 war axe (weapon)
 C - a +3 hand axe
 F - a +0 falchion
 G - a +2 whip of electrocution
Missiles
 f - 14 poisoned darts (quivered)
Armour
 h - a scarf of invisibility
 o - a +0 chain mail (worn)
 v - a +0 pair of boots (worn)
 w - a +0 cloak of stealth (worn)
 D - a +2 scale mail of cold resistance
Jewellery
 t - a +6 ring of dexterity (left hand)
 x - a ring of resist corrosion (right hand)
 z - a ring of protection from fire
Wands
 q - a wand of mindburst (16)
 H - a wand of flame (20)
Scrolls
 b - a scroll of enchant weapon {unknown}
 c - 8 scrolls of identify {unknown}
 d - 2 scrolls of enchant armour {unknown}
 g - 3 scrolls of fear {unknown}
 j - 2 scrolls of teleportation {unknown}
 m - a scroll of vulnerability {unknown}
 n - 4 scrolls of amnesia {unknown}
 r - a scroll of blinking {unknown}
 s - 2 scrolls of magic mapping {unknown}
 y - a scroll of acquirement {unknown}
 E - a scroll of poison {unknown}
Potions
 e - 4 potions of might {unknown}
 i - 3 potions of curing
 k - 2 potions of brilliance {unknown}
 l - a potion of mutation {unknown}
 u - a potion of invisibility {unknown}
 A - 2 potions of attraction {unknown}
 B - a potion of ambrosia {unknown}


   Skills:
 + Level 9.0 Fighting
 + Level 9.0 Axes
 + Level 8.5 Armour
 + Level 7.8 Dodging


You had 8 spell levels left.
You didn't know any spells.
Your spell library was empty.

Dungeon Overview and Level Annotations

Branches:
Dungeon (7/15)             Temple (0/1) D:5

Altars:
Ashenzari
Gozag
Makhleb
Sif Muna
Trog
Uskayaw
Vehumet
Yredelemnul
The Shining One

Shops:
D:2 [


Innate Abilities, Weirdness & Mutations

You have a pair of horns on your head.
You reflexively headbutt those who attack you in melee.


Message History

You feel sick.
The kobold brigand hits you with a +0 whip.
* * * LOW HITPOINT WARNING * * *
Unknown command.
You hit the kobold brigand.
Your headbutt misses the kobold brigand.
The kobold brigand is almost dead.
You feel sick.
Unknown command.
You hit the kobold brigand.
The kobold brigand is almost dead.
The kobold brigand hits you with a +0 whip!
* * * LOW HITPOINT WARNING * * *
Unknown command.
You hit the kobold brigand.
You kill the kobold brigand!
Trog accepts your kill.
You feel sick.
Your Fighting skill increases to level 9!
Your Axes skill increases to level 9!
Unknown command.
You feel sick.
Things that are here:
a +0 dagger; a +0 robe You feel a strong urge to attack something.
You are no longer berserk.
You are exhausted.
You feel yourself slow down.
* * * LOW HITPOINT WARNING * * *
You feel sick.
It was a potion of curing.
You feel better.
An orc priest comes into view. It is wielding a +0 whip.
An orc priest is nearby!
The orc priest shouts!
The orc priest invokes the aid of Beogh against you.
Beogh smites you!
* * * LOW HITPOINT WARNING * * *
The orc priest calls down the wrath of Beogh upon you.
Beogh smites you!
You die...

##..<......†.....#....
#.........o.....)##..###
##..............).#.....
.....>..........).#.....
..............).........
.........#.....8...8...
..##...†###......#...#. .
#....###.....###.##
#.<@..........#...#.
.................8...8..?
...##.##...........#...#.
# ##............###.##
#...###........# ..# #...
#......8... ... ##..
#........... ... ...
.#.........#. ..
...............


You could see an orc priest.

Vanquished Creatures
  2 two-headed ogres
  A water moccasin (D:7)
  A sky beast (D:6)
  An ice beast (D:5)
  5 ogres
  3 kobold brigands
  A bullfrog (D:6)
  3 scorpions
  2 howler monkeys
  9 hounds
  An iguana (D:5)
  2 orc priests
  2 sleepcaps (D:5)
  4 orc wizards
  Terence (D:2)
  7 gnolls
  10 adders
  A white imp (D:6)
  5 ufetubi
  A worm (D:4)
  2 dart slugs (D:1)
  18 orcs
  7 ball pythons
  3 bats
  4 endoplasms
  6 giant cockroaches
  7 goblins
  5 hobgoblins
  6 jackals
  3 kobolds
  A quokka (D:2)
  A frilled lizard (D:2)
  2 rats
127 creatures vanquished.

Notes
Turn   | Place    | Note
-------+----------+-------------------------------------------
     0 | D:1      | LLlMATKO the Minotaur Berserker began the quest for the
                  | Orb.
     0 | D:1      | Reached XP level 1. HP: 19/19 MP: 0/0
   119 | D:1      | Reached XP level 2. HP: 21/27 MP: 1/1
   372 | D:1      | Found a faded altar of an unknown god.
   788 | D:2      | Reached XP level 3. HP: 16/33 MP: 2/2
   887 | D:2      | Reached XP level 4. HP: 17/39 MP: 3/3
  1203 | D:2      | Noticed Terence
  1210 | D:2      | Killed Terence
  1210 | D:2      | Reached ** piety under Trog
  1219 | D:2      | Found Oskaeveto's Antique Armour Boutique.
  1805 | D:3      | Reached XP level 5. HP: 13/47 MP: 4/4
  2281 | D:4      | Found a bloodstained altar of Trog.
  2283 | D:4      | Noticed a two-headed ogre
  2285 | D:4      | Found a transporter.
  2335 | D:4      | Reached skill level 5 in Fighting
  2392 | D:4      | Reached skill level 5 in Axes
  2462 | D:4      | Reached XP level 6. HP: 53/56 MP: 5/5
  2472 | D:4      | Found a hide-covered altar of Uskayaw.
  2514 | D:4      | Found a transporter.
  2679 | D:4      | Identified the +1 leather armour of the Evening {Harm rF++}
  3110 | D:4      | Killed a two-headed ogre
  3111 | D:4      | Reached skill level 5 in Dodging
  3111 | D:4      | Reached XP level 7. HP: 54/64 MP: 6/6
  3111 | D:4      | Reached XP level 8. HP: 60/71 MP: 7/7
  3226 | D:5      | Entered Level 5 of the Dungeon
  3466 | D:5      | Reached *** piety under Trog
  3491 | D:5      | Found a glowing golden altar of the Shining One.
  3492 | D:5      | Found a broken altar of Ashenzari.
  3590 | D:5      | Found a burning altar of Makhleb.
  3592 | D:5      | Found a shimmering blue altar of Sif Muna.
  3592 | D:5      | Found a basalt altar of Yredelemnul.
  3592 | D:5      | Found an opulent altar of Gozag.
  3593 | D:5      | Found a radiant altar of Vehumet.
  3736 | D:5      | Found a staircase to the Ecumenical Temple.
  4249 | D:6      | Reached XP level 9. HP: 81/81 MP: 8/8
  4803 | D:7      | Noticed a two-headed ogre
  4814 | D:7      | Killed a two-headed ogre
  4819 | D:7      | HP: 5/123 [kobold brigand/+0 whip (7)]
  4822 | D:7      | HP: 2/83 [poisoned by a kobold brigand]
  4831 | D:7      | HP: 2/83 [orc priest/divine providence (13)]
  4831 | D:7      | Killed from afar by an orc priest

Illustrated notes

Levels and vault maps discovered:
D:1:      nzn_arrival_water_spiral, layout_rooms,
          shapermc_ecumenical_altar_totnotflames, hex_large
D:2:      layout_basic, serial_shops, shop, nicolae_titane, uniq_terence
D:3:      layout_basic, amethyst_killhole
D:4:      layout_basic, nicolae_uskayaw_murder_on_the_dancefloor,
          gammafunk_temple_overflow_arena
D:5:      layout_gridville, grunt_temple_overflow_open, temple_hall
D:6:      layout_loops_corners
D:7:      lemuel_castle_with_subvaults [lemuel_castle_interior_original],
          layout_cave_pools, serial_shops, nicolae_shop_advertising_works
          [nicolae_subvault_shop_adworks], minmay_misc_feat_four_crosses

Skill      XL: |  1  2  3  4  5  6  7  8  9 |
---------------+----------------------------+-----
Fighting       | 4 5 6 7 9 |  9.0
Axes           | 4 5 6 7 9 |  9.0
Armour         | 3 4 6 7 8 |  8.5
Dodging        | 3 4 5 6 7 |  7.8

Action                     |  1- 3 |  4- 6 |  7- 9 || total
---------------------------+-------+-------+-------++-------
  Melee: Hand axe          |    55 |    33 |       ||    88
         Headbutt          |     5 |    14 |    27 ||    46
         War axe           |       |    90 |   146 ||   236
         Punch             |       |     1 |     1 ||     2
 Invoke: Berserk           |       |     3 |     3 ||     6
         Trog's Hand       |       |     1 |       ||     1
Ability: Evoke Invisibilit |     1 |       |       ||     1
    Use: Potion            |       |       |     1 ||     1
 Armour: Animal skin       |     1 |       |       ||     1
         Ring mail         |    12 |    10 |       ||    22
         Chain mail        |       |    65 |    75 ||   140
  Dodge: Dodged            |    31 |    53 |   120 ||   204
